 Dungeon Crawl Stone Soup version 0.25.1-2-g60ff931df9 (webtiles) character file.

Game seed: 6229902316733262151

505130 DildoBatman the Metallomancer (level 26, -8/189 HPs)
             Began as a Formicid Wizard on Aug 25, 2020.
             Was an Initiate of Gozag.
             Mangled by a bennu (20 damage)
             ... on level 1 of the Tomb of the Ancients.
             The game lasted 03:47:37 (56013 turns).

DildoBatman the Metallomancer (Formicid Wizard)    Turns: 56013, Time: 03:47:38

Health: -8/189     AC: 24    Str: 16    XL:     26   Next: 62%
Magic:  15/41      EV: 17    Int: 43    God:    Gozag
Gold:   21228      SH: 19    Dex: 19    Spells: 17/53 levels left

rFire    . . .     SeeInvis +   a - +9 hand crossbow "Bung" {venom, Int+4}
rCold    + . .     Gourm    .   F - +0 tower shield
rNeg     + + +     Faith    .   o - +4 troll leather armour
rPois    ∞         Spirit   .   (helmet unavailable)
rElec    .         Reflect  .   r - +2 cloak of Zidghaag {Dex+4}
rCorr    .         Harm     .   B - +0 pair of gloves
MR       +++..                  O - +1 pair of boots
Stlth    ++........             m - amulet of magic regeneration
HPRegen  0.81/turn              j - +6 ring of dexterity
MPRegen  0.52/turn              I - ring of Mitai {*Slow rPois Int+9 SInv}

@: lich-form, gold aura, studying Polearms, lightly drained
A: permanent stasis, dig shafts and tunnels, four strong arms, antennae 3,
rugged brown scales 1, clever 2, poison resistance
}: 2/15 runes: decaying, serpentine
a: Dig, Shaft Self, End Transformation, Potion Petition, Call Merchant, Bribe
Branch, Renounce Religion


You were on level 1 of the Tomb of the Ancients.
You worshipped Gozag.
Gozag was extremely pleased with you.
You were not hungry.
You were a lich.
You visited 10 branches of the dungeon, and saw 43 of its levels.
You visited 1 bazaar.
You also visited: Volcano and Wizlab.

You collected 24718 gold pieces.
You spent 2730 gold pieces at shops.
You paid 760 gold pieces to Gozag.

Inventory:

Hand Weapons
 a - the +9 hand crossbow "Bung" (weapon) {venom, Int+4}
   (You bought it in a shop in a bazaar)

   It poisons the ammo it fires.
   It affects your intelligence (+4).
 c - the +11 shortbow of Enarcheox {freeze, rC+ MR+ Str-3}
   (You found it on level 1 of the Orcish Mines)

   It causes projectiles fired from it to freeze those they strike, causing
   extra injury to most foes and up to half again as much damage against
   particularly susceptible opponents.
   They can also slow down cold-blooded creatures.
   It affects your strength (-3).
   It protects you from cold.
   It affects your resistance to hostile enchantments.
 d - the +10 dark maul {vorpal}
   (You took it off a deep elf high priest on level 3 of the Elven Halls)

   It inflicts extra damage upon your enemies.
 e - the +6 spear "Hyan" {elec, rN+ Dex+6 Stlth+}
   (You found it on level 3 of the Crypt)

   Occasionally, upon striking a foe, it will discharge some electrical energy
   and cause terrible harm.
   It affects your dexterity (+6).
   It protects you from negative energy.
   It makes you more stealthy.
 M - the +7 pair of quick blades "Gyre" and "Gimble" {protect}
   (You found it on level 1 of the Orcish Mines)

   It grants its wielder temporary protection when it strikes (+7 to AC).
Missiles
 p - 4 throwing nets
 s - 1349 bolts (quivered)
 w - 1781 arrows
Armour
 o - a +4 troll leather armour (worn)
 r - the +2 cloak of Zidghaag (worn) {Dex+4}
   (You found it on level 2 of the Swamp)

   It affects your dexterity (+4).
 B - a +0 pair of gloves (worn)
 F - a +0 tower shield (worn)
 O - a +1 pair of boots (worn)
Magical Staves
 b - an uncursed staff of energy
Jewellery
 j - a +6 ring of dexterity (left hand)
 m - an amulet of magic regeneration (around neck)
 t - an uncursed ring of resist corrosion
 I - the ring of Mitai (right hand) {*Slow rPois Int+9 SInv}
   (You found it on level 5 of the Dungeon)

   [ring of poison resistance]

   It affects your intelligence (+9).
   It protects you from poison.
   It lets you see invisible.
   It may slow you when you take damage.
Wands
 h - a wand of acid (58)
 l - a wand of disintegration (23)
 Q - a wand of clouds (31)
 V - a wand of iceblast (31)
Scrolls
 g - 2 scrolls of acquirement
 x - 18 scrolls of remove curse
 z - 23 scrolls of identify
 A - 3 scrolls of holy word
 C - 11 scrolls of magic mapping
 D - 6 scrolls of amnesia
 K - 3 scrolls of enchant armour
 L - 2 scrolls of summoning
 N - 2 scrolls of torment
 W - 3 scrolls of immolation
 Z - 8 scrolls of fog
Potions
 f - 22 potions of curing
 i - 4 potions of ambrosia
 k - 10 potions of cancellation
 n - 2 potions of invisibility
 q - 3 potions of brilliance
 y - 6 potions of magic
 E - 5 potions of flight
 G - 3 potions of mutation
 H - 7 potions of heal wounds
 S - 4 potions of might
Books
 J - a manual of Polearms
Miscellaneous
 u - a phantom mirror
 P - a phial of floods
 R - a lightning rod (4/4)
 U - a tin of tremorstones (3/3)
 Y - 5 boxes of beasts
Comestibles
 v - 46 rations


   Skills:
 - Level 10.0(9.6) Fighting
 - Level 3.0(2.7) Bows
 - Level 3.0(2.7) Crossbows
 - Level 10.0(9.6) Armour
 - Level 8.0(7.6) Dodging
 - Level 2.4(2.1) Stealth
 - Level 15.0(14.6) Shields
 - Level 14.0(13.6) Spellcasting
 - Level 6.0(5.7) Conjurations
 - Level 6.0(5.7) Charms
   Level 1.0(0.7) Summonings
 - Level 19.0(18.6) Necromancy
 - Level 0.8(0.6) Translocations
 - Level 19.0(18.6) Transmutations
 - Level 5.0(4.7) Fire Magic
   Level 5.0(4.7) Air Magic
 * Level 23.9(23.5) Earth Magic
 - Level 12.0(11.6) Evocations


You had 17 spell levels left.
You knew the following spells:

 Your Spells              Type           Power        Failure   Level  Hunger
a - Borgnjor's Vile Clut  Necr/Erth      ########..   0%          5    N/A
b - Shatter               Erth           ########..   9%          9    N/A
c - Dispel Undead         Necr           ########     0%          4    N/A
d - Necromutation         Tmut/Necr      ########..   4%          8    N/A
f - Shroud of Golubria    Chrm/Tloc      ######       1%          2    N/A
g - Conjure Flame         Conj/Fire      ######..     1%          3    N/A
h - Bolt of Magma         Conj/Fire/Erth #######...   1%          5    N/A

Your spell library contained the following spells:

 Spells                   Type           Power        Failure   Level  Hunger
 Animate Skeleton         Necr           N/A          0%          1    N/A
 Pain                     Necr           ####         0%          1    N/A
 Corpse Rot               Necr/Air       N/A          0%          2    N/A
 Sublimation of Blood     Necr           ########..   0%          2    N/A
 Stone Arrow              Conj/Erth      ######       0%          3    N/A
 Vampiric Draining        Necr           ########..   0%          3    N/A
 Animate Dead             Necr           N/A          0%          4    N/A
 Petrify                  Tmut/Erth      ########     0%          4    N/A
 Agony                    Necr           ########     0%          5    N/A
 Apportation              Tloc           ####..       1%          1    N/A
 Corona                   Hex            ####...      1%          1    N/A
 Magic Dart               Conj           ####         1%          1    N/A
 Shock                    Conj/Air       ####         1%          1    N/A
 Sting                    Tmut/Pois      ####         1%          1    N/A
 Summon Small Mammal      Summ           ####         1%          1    N/A
 Call Imp                 Summ           #####...     1%          2    N/A
 Ensorcelled Hibernation  Hex/Ice        ####..       1%          2    N/A
 Poisonous Vapours        Pois/Air       #####.       1%          2    N/A
 Slow                     Hex            ####....     1%          2    N/A
 Ignite Poison            Fire/Tmut/Pois #######.     1%          3    N/A
 Mephitic Cloud           Conj/Pois/Air  ######..     1%          3    N/A
 Static Discharge         Conj/Air       ######..     1%          3    N/A
 Airstrike                Air            ######....   1%          4    N/A
 Ice Form                 Ice/Tmut       #######.     1%          4    N/A
 Leda's Liquefaction      Hex/Erth       #######...   1%          4    N/A
 Alistair's Intoxication  Tmut/Pois      #######.     1%          5    N/A
 Excruciating Wounds      Chrm/Necr      ########..   1%          5    N/A
 Irradiate                Conj/Tmut      #######...   1%          5    N/A
 Death Channel            Necr           ########..   1%          6    N/A
 Hydra Form               Tmut           ########..   1%          6    N/A
 Iron Shot                Conj/Erth      ########..   1%          6    N/A
 Statue Form              Tmut/Erth      ########.    1%          6    N/A
 Dragon Form              Tmut           ########..   1%          7    N/A
 Recall                   Summ/Tloc      N/A          2%          3    N/A
 Gell's Gravitas          Tloc           ####......   3%          3    N/A
 Lesser Beckoning         Tloc           ####......   3%          3    N/A
 Portal Projectile        Hex/Tloc       ####..       3%          3    N/A
 Teleport Other           Tloc           ####....     3%          3    N/A
 Iskenderun's Battlesphe  Conj/Chrm      ######..     3%          5    N/A
 Summon Lightning Spire   Summ/Air       ######..     4%          4    N/A
 Fireball                 Conj/Fire      ######....   4%          5    N/A
 Lightning Bolt           Conj/Air       ######....   4%          5    N/A
 Eringya's Noxious Bog    Tmut/Pois      #######...   4%          6    N/A
 Simulacrum               Ice/Necr       ########..   4%          6    N/A
 Borgnjor's Revivificati  Necr           ########..   4%          8    N/A
 Infestation              Necr           ########..   4%          8    N/A
 Passage of Golubria      Tloc           N/A          10%         4    N/A
 Olgreb's Toxic Radiance  Pois           ####....     13%         4    N/A
 Silence                  Hex/Air        #####.....   13%         5    N/A
 Haunt                    Necr/Summ      ########..   21%         7    N/A
 Conjure Ball Lightning   Conj/Air       ######....   22%         6    N/A
 Starburst                Conj/Fire      ######....   22%         6    N/A
 Aura of Abjuration       Summ           #####.....   26%         5    N/A
 Summon Demon             Summ           #####.....   26%         5    N/A
 Summon Forest            Summ/Tloc      #####.....   26%         5    N/A
 Summon Mana Viper        Hex/Summ       ####....     30%         5    N/A
 Metabolic Englaciation   Hex/Ice        ####......   34%         5    N/A
 Freezing Cloud           Conj/Ice/Air   ######....   43%         6    N/A
 Death's Door             Chrm/Necr      ########..   50%         8    N/A
 Orb of Destruction       Conj           ######....   71%         7    N/A
 Ring of Flames           Chrm/Fire      ######....   77%         7    N/A
 Shadow Creatures         Summ           N/A          80%         6    N/A
 Dispersal                Tloc           ####......   83%         6    N/A
 Darkness                 Hex            ####......   89%         6    N/A
 Ozocubu's Refrigeration  Ice            ####......   89%         6    N/A
 Spellforged Servitor     Conj/Summ      ######....   96%         7    N/A
 Malign Gateway           Summ/Tloc      #####.....   100%        7    N/A
 Summon Hydra             Summ           #####.....   100%        7    N/A
 Disjunction              Tloc           ####......   100%        8    N/A
 Ignition                 Fire           ######....   100%        8    N/A
 Dragon's Call            Summ           #####.....   100%        9    N/A
 Tornado                  Air            ######....   100%        9    N/A
 Blink                    Tloc           Unusable     N/A         2    N/A
 Swiftness                Chrm/Air       Unusable     N/A         2    N/A
 Controlled Blink         Tloc           Unusable     N/A         8    N/A

Dungeon Overview and Level Annotations

Branches:
Dungeon (15/15)            Temple (1/1) D:7            Lair (6/6) D:10
  Swamp (4/4) Lair:3        Snake (4/4) Lair:2        Slime (0/5) Lair:6
    Orc (2/2) D:10            Elf (3/3) Orc:2        Vaults (4/5) D:14
  Crypt (3/3) Vaults:2       Tomb (1/3) Crypt:3      Depths (0/5) D:15
Volcano (visited)          WizLab (visited)

Altars:
Ashenzari
Cheibriados
Dithmenos
Elyvilon
Fedhas
Gozag
Hepliaklqana
Kikubaaqudgha
Makhleb
Nemelex Xobeh
Okawaru
Qazlal
Ru
Sif Muna
Trog
Uskayaw
Vehumet
Wu Jian
Xom
Yredelemnul
Zin
The Shining One

Shops:
D:6 ::!%%   D:12 [   D:15 *   Orc:2 %}:?   Elf:2 *   Snake:1 =}}

Portals:
Trove: D:10 (give +4 demon whip)

Annotations:
Swamp:2 1 transporter


Innate Abilities, Weirdness & Mutations

You cannot be hasted, slowed, berserked, paralysed or teleported.
You can dig through walls and to a lower floor.
Your four strong arms can wield two-handed weapons with a shield.
You have a pair of large antennae on your head. (SInv)
You are partially covered in rugged brown scales. (AC +1, +3% HP)
Your mind is very acute. (Int +4)
Your system is resistant to poisons. (rPois)


Message History

Confirm with . or Enter, or press ? or * to list all spells.
Aiming: Borgnjor's Vile Clutch (safe; 0% risk of failure)
Press: ? - help, Shift-Dir - straight line, f - bennu
Aim: a bennu (moderately wounded)
You feel a surge of power!
Zombie hands grab the bennu.
Zombie hands grab the skeletal warrior.
Zombie hands grab the ancient champion.
The zombie hands constrict the skeletal warrior.
The zombie hands constrict the ancient champion.
You destroy the ancient champion!
The zombie hands constrict the bennu!
The bennu pecks you!! The bennu sears you!! The bennu claws you. x2
The skeletal warrior struggles to escape constriction.
The bennu pecks you! The bennu sears you!!
You die...
Your body crumbles into a pile of gold.

.......# ##'''''##
#.$.....# { #.8...8.# { {
#.......# {{ #$%.....# { {
{ #z8...8.# { #b......#
#L......# { #.8...8.# {
#.......# #.......#
#.8...8.#
################.......####
...........................
.................8...8.....
...............)...........


You could see a bennu (clutched) and a skeletal warrior (clutched).

Vanquished Creatures
  An ancient lich (Crypt:3)
  Mennas (Crypt:3)
  Bai Suzhen (Swamp:4)
  the Lernaean hydra (Swamp:4)
  Frederick (Tomb:1)
  Vashnia (Snake:2)
  Saint Roka (Crypt:3)
  A Cloud Mage (WizLab)
  4 liches
  3 deep elf blademasters (Elf:3)
  7 sphinxes
  An ancient champion (Tomb:1)
  5 thorn hunters
  The ghost of Cypof the Warrior, an adept GrEE of Vehumet (Snake:3)
  A tengu reaver (Vaults:2)
  Donald (Snake:1)
  A revenant (Crypt:1)
  12 nagarajas
  9 vault wardens
  2 frost giants
  6 deep elf elementalists
  9 deep elf sorcerers
  A juggernaut zombie (Crypt:2)
  Louise (Swamp:3)
  A ghoul (Crypt:2)
  3 curse skulls
  17 ironheart preservers
  3 reapers (Crypt:3)
  A caustic shrike skeleton (Crypt:1)
  4 very ugly things
  A war gargoyle (Vaults:4)
  A bennu (Tomb:1)
  3 stone giants
  12 deep elf demonologists
  3 vampire knights
  Azrael (D:13)
  2 spark wasps (WizLab)
  8 deep elf annihilators
  3 ettins
  The ghost of Naenkaux the Archer, a journeyman CeAM of Okawaru (Lair:5)
  10 eidola
  Josephine (D:13)
  2 mummy priests
  7 jiangshi
  3 blizzard demons (WizLab)
  7 deep elf death magi
  A crystal guardian (Vaults:3)
  2 great orbs of eyes (Vaults:4)
  11 yaktaur captains
  2 quicksilver dragon zombies (Crypt:3)
  5 fire dragons
  7 deep elf high priests (Elf:3)
  22 hydras
  7 vault guards
  16 naga warriors
  3 ice dragons
  7 ghost crabs
  3 rakshasas
  9 centaur warriors
  5 shambling mangroves
  A spriggan air mage (WizLab)
  17 anacondas
  29 two-headed ogres
  Erica (Orc:1)
  4 death knights
  16 alligators
  10 death yaks
  15 ogre magi
  3 vampire magi
  A deep troll earth mage (Vaults:3)
  5 deep troll shamans
  2 spectral storm dragons (Crypt:2)
  3 orc high priests (Orc:2)
  24 naga sharpshooters
  12 shock serpents
  8 soul eaters
  28 deep elf knights
  Sonja (D:10)
  3 storm dragon zombies
  A hell knight (Volcano)
  A fire crab (Lair:6)
  3 salamander mystics
  3 shadow wraiths
  3 sea snakes (Snake:2)
  A sea snake (shapeshifter) (Elf:1)
  4 unseen horrors
  8 skeletal warriors
  2 flayed ghosts
  17 swamp dragons
  5 death drakes (WizLab)
  3 spriggan druids
  A spark wasp zombie (D:15)
  A glowing orange brain (Vaults:2)
  10 deep trolls
  14 ironbrand convokers
  19 deep elf archers
  16 phantasmal warriors
  A golden dragon skeleton (Crypt:3)
  12 naga ritualists
  An obsidian statue (Volcano)
  13 necromancers
  An anaconda skeleton (Crypt:3)
  A lindwurm (Orc:2)
  16 harpies
  2 wolf spider zombies (Crypt:3)
  16 orc knights
  A wizard (Vaults:1)
  2 spectral fire dragons (Crypt:2)
  18 mana vipers
  6 orc sorcerers
  6 wolf spiders
  2 oklob plants
  A fire giant zombie (D:15)
  32 ugly things
  14 salamanders
  A stone giant zombie (Crypt:3)
  89 deep elf magi
  19 cyclopes
  2 spectral ice dragons (Crypt:2)
  7 manticores
  2 salamanders (shapeshifter)
  2 shadow dragon skeletons (Crypt:3)
  3 apocalypse crabs (WizLab)
  6 elephants (Lair:6)
  A moth of wrath (Swamp:3)
  A stone giant skeleton (Crypt:3)
  A shock serpent zombie (Crypt:3)
  A human skeleton (Vaults:1)
  13 vault sentinels
  22 naga magi
  41 black mambas
  10 guardian serpents
  2 molten gargoyles (Lair:6)
  A guardian serpent (shapeshifter) (Vaults:4)
  2 gargoyles
  A dire elephant skeleton (Crypt:3)
  A shock serpent skeleton (Crypt:3)
  A torpor snail (Swamp:3)
  4 komodo dragons
  A catoblepas zombie (Lair:3)
  14 freezing wraiths
  A rime drake (Lair:4)
  A purple draconian zombie (Crypt:3)
  13 hellwings (Crypt:3)
  25 spiny frogs
  28 yaktaurs
  A death yak skeleton (Crypt:2)
  2 red draconian zombies
  5 guardian mummies
  3 polar bears
  A polar bear (shapeshifter) (Vaults:4)
  5 jumping spiders (Crypt:3)
  12 trolls
  12 tyrant leeches
  4 wind drakes (WizLab)
  A wolf spider simulacrum (Vaults:1)
  A harpy zombie (D:15)
  9 blink frogs
  26 hornets
  An ice dragon zombie (Crypt:3)
  An ettin zombie (Crypt:3)
  A guardian serpent zombie (Crypt:2)
  A fire dragon zombie (Crypt:3)
  A harpy skeleton (Crypt:3)
  11 hippogriffs
  37 slime creatures
  An alligator zombie (Crypt:1)
  6 redbacks (Crypt:3)
  6 bog bodies
  A stone giant simulacrum (Vaults:1)
  A guardian serpent skeleton (Crypt:2)
  A vampire (D:14)
  A centaur simulacrum (D:14)
  13 air elementals
  4 shadows
  4 water elementals
  18 spriggans
  2 tarantellas (shapeshifter)
  18 flying skulls
  A satyr skeleton (Crypt:1)
  A spriggan (shapeshifter) (Vaults:3)
  Eustachio (D:4)
  2 black mamba zombies
  2 ettin skeletons (Crypt:3)
  5 wyverns
  A black mamba skeleton (Lair:6)
  5 fire bats (Volcano)
  5 fire elementals
  33 yaks
  8 basilisks
  2 ushabtiu
  11 wraiths
  2 hungry ghosts
  2 steam dragons
  18 vampire mosquitoes
  Menkaure (D:4)
  A human simulacrum (Vaults:3)
  75 nagas
  8 wargs
  16 insubstantial wisps
  3 acid dragons
  24 swamp worms
  9 water moccasins
  The ghost of Hyperion the Sneak, an amateur VSSk (D:4)
  11 hell hounds
  9 porcupines
  2 spiny frog zombies
  11 swamp drakes
  53 orc warriors
  6 ice beasts
  4 sky beasts
  A dream sheep zombie (Lair:6)
  5 spiny frog skeletons
  An ettin simulacrum (Vaults:1)
  5 black bears
  An eye of draining (D:9)
  2 blink frog zombies
  37 ogres
  2 elephant zombies
  An eye of draining (shapeshifter) (Vaults:2)
  3 necrophages
  7 wolves
  3 phantoms
  2 boggarts
  A snapping turtle skeleton (Crypt:3)
  An elephant skeleton (Lair:6)
  19 centaurs
  13 crocodiles
  2 dream sheep skeletons (Lair:6)
  9 big kobolds
  A komodo dragon zombie (Lair:1)
  A rime drake skeleton (Lair:6)
  14 bullfrogs
  2 komodo dragon skeletons (Lair:6)
  2 hippogriff skeletons
  2 earth elementals
  2 yaktaur skeletons
  6 gnoll sergeants
  A warg zombie (Orc:1)
  A water moccasin zombie (D:6)
  2 yak zombies
  9 wyvern skeletons (Crypt:3)
  A troll zombie (Crypt:3)
  A water moccasin skeleton (Lair:5)
  10 killer bees
  3 scorpions
  8 wights
  An oklob sapling (Swamp:3)
  2 howler monkeys
  2 yak skeletons
  An electric eel (Lair:3)
  A polar bear skeleton (Lair:3)
  11 lava snakes
  7 crimson imps
  A basilisk zombie (Lair:1)
  2 centaur zombies
  3 quasits
  2 wolf skeletons
  4 bullfrog zombies
  3 hounds
  3 bullfrog skeletons
  3 centaur skeletons
  5 jellies
  22 orc priests
  Crazy Yiuf (D:7)
  An iguana (D:11)
  30 orc wizards
  A porcupine zombie (Lair:6)
  5 worker ants
  2 porcupine skeletons
  A crocodile zombie (Lair:6)
  A naga zombie (Crypt:3)
  A crocodile skeleton (Lair:6)
  A hound zombie (D:8)
  7 mummies
  3 worker ant zombies
  16 adders
  14 gnolls
  6 orc zombies (Orc:1)
  A gnoll zombie (Orc:1)
  2 shadow imps
  A white imp (Vaults:1)
  3 adder zombies
  7 oozes
  An adder skeleton (D:5)
  2 worms
  A barachi zombie (Crypt:1)
  2 dart slugs (D:3)
  4 leopard geckos
  116 orcs
  2 ball pythons
  10 bats
  A bat skeleton (Crypt:1)
  5 giant cockroaches
  8 goblins
  3 hobgoblins
  8 jackals
  36 kobolds
  6 quokkas
  3 frilled lizards
  A goblin skeleton (Crypt:2)
  A hobgoblin zombie (Crypt:2)
  3 jackal skeletons
  7 rats
  A rat skeleton (D:4)
  A river rat skeleton (Crypt:1)
  16 briar patches (Swamp:2)
  2 butterflies (Lair:3)
  2 fungi
  2 plants
  24 withered plants (Crypt:3)
2192 creatures vanquished.

Vanquished Creatures (others)
  A spark wasp (WizLab)
  23 dancing weapons
  A black mamba (Snake:1)
  A spiny frog (Lair:6)
  A hornet (Swamp:1)
  A swamp worm (Swamp:2)
  A killer bee (D:7)
  A porcupine skeleton (Lair:6)
  14 briar patches (Swamp:2)
  10 fungi
  30 plants
  18 withered plants (Crypt:3)
102 creatures vanquished.

Grand Total: 2294 creatures vanquished

Notes
Turn   | Place    | Note
-------+----------+-------------------------------------------
     0 | D:1      | DildoBatman the Formicid Wizard began the quest for the
                  | Orb.
     0 | D:1      | Reached XP level 1. HP: 13/13 MP: 4/4
   122 | D:1      | Reached skill level 1 in Conjurations
   226 | D:1      | Reached XP level 2. HP: 19/19 MP: 0/6
   852 | D:1      | Reached XP level 3. HP: 24/24 MP: 5/7
   859 | D:1      | Learned a level 3 spell: Conjure Flame
   863 | D:1      | Learned a level 3 spell: Mephitic Cloud
  1444 | D:2      | Found a snail-covered altar of Cheibriados.
  1532 | D:2      | Found a shadowy altar of Dithmenos.
  1553 | D:2      | Reached XP level 4. HP: 28/30 MP: 0/8
  2816 | D:3      | Reached XP level 5. HP: 34/35 MP: 0/9
  3100 | D:3      | Found a bloodstained altar of Trog.
  3529 | D:4      | Found a transporter.
  3558 | D:5      | Entered Level 5 of the Dungeon
  3606 | D:5      | Noticed a sky beast
  3660 | D:4      | Killed a sky beast
  3660 | D:4      | Reached skill level 5 in Conjurations
  3660 | D:4      | Reached XP level 6. HP: 10/41 MP: 0/10
  3838 | D:5      | Got a pitted silver ring
  3840 | D:5      | Identified the ring of Mitai {*Slow rPois Int+9 SInv} (You
                  | found it on level 5 of the Dungeon)
  3846 | D:5      | Found a shimmering blue altar of Sif Muna.
  3916 | D:5      | Reached skill level 1 in Fire Magic
  3978 | D:5      | Reached skill level 1 in Air Magic
  4132 | D:5      | Found a shattered altar of Ashenzari.
  4164 | D:5      | Found a white marble altar of Elyvilon.
  4283 | D:6      | Found Echideh's Book Shop.
  4300 | D:6      | Found Uleidoum's Book Boutique.
  4328 | D:6      | Noticed an orc warrior
  4411 | D:7      | Reached XP level 7. HP: 35/46 MP: 0/11
  4950 | D:7      | Found a runed translucent door.
  4951 | D:7      | Noticed Crazy Yiuf
  5252 | D:7      | Reached XP level 8. HP: 47/52 MP: 6/12
  5360 | D:7      | Found a staircase to the Ecumenical Temple.
  5416 | Temple   | Entered the Ecumenical Temple
  5480 | Temple   | Became a worshipper of Kikubaaqudgha
  5606 | D:7      | Noticed a spriggan baker
  5616 | D:7      | Killed a spriggan baker
  5666 | D:7      | Noticed a hippogriff
  5731 | D:7      | Killed a hippogriff
  5731 | D:7      | Reached skill level 5 in Fire Magic
  5832 | D:7      | Killed Crazy Yiuf
  5916 | D:6      | Reached skill level 5 in Air Magic
  5931 | D:6      | Found Unlapac's Distillery.
  5967 | D:6      | Reached skill level 1 in Armour
  6048 | D:6      | Reached skill level 1 in Fighting
  6048 | D:6      | Reached XP level 9. HP: 58/59 MP: 5/14
  6529 | D:6      | Found a shattered altar of Ashenzari.
  6561 | D:6      | Reached * piety under Kikubaaqudgha
  6561 | D:6      | Identified Kikubaaqudgha's Papyrus of Stolen Souls
                  | (Kikubaaqudgha gifted it to you on level 6 of the Dungeon)
  6561 | D:6      | Received a gift from Kikubaaqudgha
  6673 | D:6      | Found Zaxuhy's Food Shoppe.
  6807 | D:6      | Found Emotol's Food Boutique.
  7329 | D:5      | Reached skill level 1 in Necromancy
  7501 | D:5      | Reached skill level 5 in Spellcasting
  7672 | D:4      | Noticed Hyperion's ghost (amateur VSSk)
  7673 | D:4      | Found a transporter.
  7817 | D:4      | Reached ** piety under Kikubaaqudgha
  8246 | D:4      | Noticed Eustachio
  8265 | D:4      | Killed Eustachio
  8265 | D:4      | Reached XP level 10. HP: 72/72 MP: 13/17
  8373 | D:4      | Noticed Menkaure
  8387 | D:4      | Killed Menkaure
  8648 | D:8      | Found an ancient bone altar of Kikubaaqudgha.
  8663 | D:8      | Found a blossoming altar of Fedhas.
  8680 | D:8      | Found a basalt altar of Yredelemnul.
  8719 | D:8      | Reached skill level 5 in Armour
  8839 | D:8      | Reached skill level 5 in Fighting
  8901 | D:8      | Reached *** piety under Kikubaaqudgha
  8901 | D:8      | Identified Kikubaaqudgha's Collected Works on Stolen Souls
                  | (Kikubaaqudgha gifted it to you on level 8 of the Dungeon)
  8901 | D:8      | Received a gift from Kikubaaqudgha
  9256 | D:9      | Reached skill level 1 in Shields
  9286 | D:9      | Learned a level 2 spell: Sublimation of Blood
  9290 | D:9      | Learned a level 3 spell: Vampiric Draining
  9295 | D:9      | Learned a level 4 spell: Dispel Undead
  9301 | D:9      | Learned a level 5 spell: Borgnjor's Vile Clutch
  9443 | D:9      | Found a sacrificial altar of Ru.
  9502 | D:9      | Reached skill level 1 in Earth Magic
  9627 | D:9      | Found an iron altar of Okawaru.
  9891 | D:9      | Found a sparkling altar of Nemelex Xobeh.
  9949 | D:9      | Found a glowing golden altar of the Shining One.
 10056 | D:10     | Entered Level 10 of the Dungeon
 10066 | D:10     | Reached skill level 2 in Earth Magic
 10156 | D:10     | Noticed an unseen horror
 10174 | D:10     | Found a staircase to the Lair.
 10174 | D:10     | Noticed a komodo dragon
 10259 | D:10     | Reached skill level 3 in Earth Magic
 10313 | D:10     | Killed a komodo dragon
 10344 | D:10     | Killed an unseen horror
 10344 | D:10     | Reached skill level 5 in Necromancy
 10344 | D:10     | Reached skill level 4 in Earth Magic
 10344 | D:10     | Reached XP level 11. HP: 55/79 MP: 10/20
 10373 | D:10     | Found a portal to a secret trove of treasure.
 10431 | D:10     | Reached **** piety under Kikubaaqudgha
 10453 | D:10     | Reached skill level 5 in Earth Magic
 10691 | D:10     | Noticed Sonja
 10709 | D:10     | Killed Sonja
 10709 | D:10     | Reached skill level 6 in Earth Magic
 10721 | D:10     | Found a stormy altar of Qazlal.
 10962 | D:10     | Reached skill level 7 in Earth Magic
 11195 | D:10     | Found a staircase to the Orcish Mines.
 11261 | D:10     | Reached ***** piety under Kikubaaqudgha
 11329 | Orc:1    | Entered Level 1 of the Orcish Mines
 11381 | Orc:1    | Noticed a cyclops
 11422 | Orc:1    | Noticed an ettin
 11422 | Orc:1    | Noticed a cyclops
 11444 | D:10     | Reached skill level 8 in Earth Magic
 12184 | D:11     | Noticed a manticore
 12193 | D:11     | Killed a manticore
 12274 | D:12     | Noticed a manticore
 12345 | D:11     | Reached skill level 9 in Earth Magic
 12432 | D:12     | Killed a manticore
 12432 | D:12     | Reached XP level 12. HP: 28/86 MP: 1/21
 12615 | D:12     | Reached skill level 5 in Dodging
 12624 | D:12     | Found Suimpog's Antique Armour Emporium.
 12644 | D:12     | Noticed a two-headed ogre
 12659 | D:12     | Killed a two-headed ogre
 13234 | Orc:1    | Killed an ettin
 13234 | Orc:1    | Reached skill level 5 in Shields
 13404 | Orc:1    | Noticed Erica
 13457 | Orc:1    | Killed Erica
 13643 | Orc:1    | Reached XP level 13. HP: 56/96 MP: 4/22
 13644 | Orc:1    | Reached ****** piety under Kikubaaqudgha
 13716 | D:10     | Received a gift from Kikubaaqudgha
 13717 | D:10     | Fell from the grace of Kikubaaqudgha
 13866 | Temple   | Became a worshipper of Gozag Ym Sagoz the Greedy
 13962 | D:4      | Killed Hyperion's ghost
 14122 | Lair:1   | Entered Level 1 of the Lair of Beasts
 15070 | Lair:2   | Found a staircase to the Snake Pit.
 16237 | Lair:3   | Reached skill level 10 in Shields
 16731 | Lair:3   | Found a staircase to the Swamp.
 17890 | Lair:5   | Noticed a four-headed hydra
 17903 | Lair:5   | Killed a four-headed hydra
 17922 | Lair:5   | Found a runed translucent door.
 18525 | Lair:5   | Reached XP level 14. HP: 82/103 MP: 2/23
 18747 | Lair:5   | Noticed Naenkaux's ghost (journeyman CeAM)
 18747 | Lair:5   | Identified the +1 spear of Currency {freeze, Dex+2}
 18760 | Lair:5   | Killed Naenkaux's ghost
 18882 | Lair:6   | Entered Level 6 of the Lair of Beasts
 18956 | Lair:6   | Reached skill level 15 in Shields
 19263 | Lair:6   | Found a staircase to the Slime Pits.
 20464 | Lair:6   | Found a large runed translucent door.
 20464 | Lair:6   | Found a large runed translucent door.
 20647 | Lair:6   | HP: 5/106 [fire crab] (34)]
 21263 | Orc:1    | Reached XP level 15. HP: 112/112 MP: 19/26
 21383 | Orc:1    | Was forgiven by Kikubaaqudgha
 21482 | Orc:1    | Found a burning altar of Makhleb.
 21852 | Orc:1    | Noticed a frost giant
 21869 | Orc:1    | Killed a frost giant
 21903 | Orc:1    | Found the +7 pair of quick blades "Gyre" and "Gimble"
                  | {protect}
 21972 | Orc:1    | Got a brightly glowing shortbow
 21976 | Orc:1    | Got an iridescent shortbow
 21986 | Orc:1    | Identified the +11 shortbow of Enarcheox {freeze, rC+ MR+
                  | Str-3} (You found it on level 1 of the Orcish Mines)
 21987 | Orc:1    | Identified the +8 shortbow of Blood {speed, *Corrode rN+
                  | Str+3 Int+3} (You found it on level 1 of the Orcish Mines)
 22195 | Orc:2    | Entered Level 2 of the Orcish Mines
 22345 | Orc:2    | Found a flickering gateway to a bazaar.
 22355 | Bazaar   | Entered a bazaar
 22355 | Bazaar   | Found Utroomeph's Distillery.
 22355 | Bazaar   | Found Vacroaso's Assorted Antiques.
 22355 | Bazaar   | Found Kuaqa's General Store.
 22357 | Bazaar   | Found Huohukk's Gadget Shoppe.
 22359 | Bazaar   | Bought a potion of curing for 48 gold pieces
 22359 | Bazaar   | Bought a potion of curing for 48 gold pieces
 22359 | Bazaar   | Bought a potion of cancellation for 128 gold pieces
 22359 | Bazaar   | Bought a potion of invisibility for 128 gold pieces
 22359 | Bazaar   | Bought a potion of curing for 48 gold pieces
 22359 | Bazaar   | Bought a potion of curing for 48 gold pieces
 22362 | Bazaar   | Bought a scroll of identify for 76 gold pieces
 22362 | Bazaar   | Bought a scroll labeled ZOXZILAUMEGH for 38 gold pieces
 22365 | Bazaar   | Bought a wand of acid (9) for 468 gold pieces
 22368 | Bazaar   | Bought a scroll of identify for 12 gold pieces
 22368 | Bazaar   | Bought a scroll of identify for 12 gold pieces
 22368 | Bazaar   | Bought a scroll of fog for 12 gold pieces
 22368 | Bazaar   | Bought the +9 hand crossbow "Bung" {venom, Int+4} for 387
                  | gold pieces
 22411 | Orc:2    | Found a dark tunnel.
 22431 | Volcano  | Entered a volcano
 22508 | Volcano  | Reached skill level 1 in Bows
 22593 | Volcano  | Reached skill level 1 in Crossbows
 22600 | Volcano  | Found a burning altar of Makhleb.
 22983 | Orc:2    | Found a staircase to the Elven Halls.
 23219 | Orc:2    | Found Dadas's Gadget Emporium.
 23219 | Orc:2    | Found Foirieh's Food Emporium.
 23221 | Orc:2    | Found Nerch's Magic Scroll Boutique.
 23221 | Orc:2    | Found Dewagh's Book Boutique.
 23245 | Orc:2    | Bought a scroll of identify for 30 gold pieces
 23396 | D:10     | Gained mutation: You are agile. (Dex +2) [potion of
                  | mutation]
 23396 | D:10     | Gained mutation: You have sharp toenails. [potion of
                  | mutation]
 23439 | D:13     | Noticed Azrael
 23451 | D:13     | Killed Azrael
 23557 | D:13     | Reached skill level 10 in Armour
 23689 | D:13     | Reached skill level 10 in Fighting
 23854 | D:13     | Noticed Josephine
 23872 | D:13     | Killed Josephine
 24669 | D:14     | Found a gate to the Vaults.
 24680 | D:14     | Reached skill level 10 in Spellcasting
 24680 | D:14     | Reached XP level 16. HP: 90/122 MP: 19/30
 25557 | D:15     | Entered Level 15 of the Dungeon
 25757 | D:15     | Found a staircase to the Depths.
 26421 | D:15     | Found Rero's General Store.
 27127 | D:10     | Lost mutation: You are agile. (Dex +2) [potion of mutation]
 27127 | D:10     | Lost mutation: You have sharp toenails. [potion of
                  | mutation]
 27127 | D:10     | Gained mutation: You are dopey. (Int -2) [potion of
                  | mutation]
 27127 | D:10     | Gained mutation: You are partially covered in rugged brown
                  | scales. (AC +1, +3% HP) [potion of mutation]
 27127 | D:10     | Gained mutation: Your body sometimes deteriorates upon
                  | taking damage. [potion of mutation]
 27127 | D:10     | Gained mutation: You have sharp fingernails. [potion of
                  | mutation]
 27128 | D:10     | Lost mutation: You are dopey. (Int -2) [potion of mutation]
 27128 | D:10     | Lost mutation: Your body sometimes deteriorates upon taking
                  | damage. [potion of mutation]
 27128 | D:10     | Lost mutation: You have sharp fingernails. [potion of
                  | mutation]
 27128 | D:10     | Gained mutation: Your mind is acute. (Int +2) [potion of
                  | mutation]
 27128 | D:10     | Gained mutation: Your system is resistant to poisons.
                  | (rPois) [potion of mutation]
 27128 | D:10     | Gained mutation: Your mind is very acute. (Int +4) [potion
                  | of mutation]
 27176 | Snake:1  | Entered Level 1 of the Snake Pit
 27229 | Snake:1  | Noticed Donald
 27253 | Snake:1  | Reached XP level 17. HP: 76/131 MP: 8/35
 27401 | Snake:1  | Killed Donald
 27580 | Snake:1  | Reached skill level 10 in Earth Magic
 27643 | Snake:1  | Found Poyvaidgh's Jewellery Boutique.
 27643 | Snake:1  | Found Haskacell's Gadget Shoppe.
 27644 | Snake:1  | Found Ciuzay's Gadget Shoppe.
 27654 | Snake:1  | Bought a wand of acid (11) for 390 gold pieces
 27689 | Snake:1  | Reached skill level 10 in Necromancy
 28385 | Snake:2  | Reached skill level 11 in Earth Magic
 28390 | Snake:2  | Noticed Vashnia
 28567 | Snake:2  | Killed Vashnia
 28787 | Snake:2  | Reached skill level 12 in Earth Magic
 29040 | Snake:2  | Learned a level 2 spell: Shroud of Golubria
 29046 | Snake:2  | Learned a level 5 spell: Bolt of Magma
 29456 | Snake:3  | Reached XP level 18. HP: 89/138 MP: 3/36
 29474 | Snake:3  | Reached skill level 13 in Earth Magic
 29671 | Snake:3  | Found a runed translucent gate.
 29671 | Snake:3  | Found a runed translucent gate.
 29671 | Snake:3  | Found a runed translucent gate.
 29680 | Snake:3  | Noticed Cypof's ghost (adept GrEE)
 29910 | Snake:3  | Reached skill level 14 in Earth Magic
 30344 | Snake:3  | Reached skill level 15 in Earth Magic
 31046 | Snake:3  | Killed Cypof's ghost
 31109 | Snake:3  | Identified 2 scrolls of acquirement
 31134 | Snake:4  | Entered Level 4 of the Snake Pit
 31139 | Snake:4  | Reached skill level 16 in Earth Magic
 31491 | Snake:4  | Reached skill level 17 in Earth Magic
 31515 | Snake:4  | HP: 5/138 [anaconda (13)]
 31715 | Snake:4  | Reached XP level 19. HP: 144/144 MP: 22/37
 31922 | Snake:4  | Reached skill level 1 in Charms
 32357 | Snake:4  | Reached skill level 18 in Earth Magic
 32427 | Snake:4  | Reached skill level 5 in Charms
 32871 | Snake:4  | Got a serpentine rune of Zot
 33182 | Swamp:1  | Entered Level 1 of the Swamp
 33810 | Swamp:1  | Reached XP level 20. HP: 138/151 MP: 25/38
 34786 | Swamp:2  | Found a transporter.
 34842 | Swamp:2  | Found a transporter.
 35011 | Swamp:2  | Learned a level 9 spell: Shatter
 35020 | Swamp:2  | Learned a level 8 spell: Necromutation
 35161 | Swamp:3  | Reached skill level 1 in Transmutations
 35175 | Swamp:3  | Reached skill level 15 in Necromancy
 35574 | Swamp:3  | Noticed Louise
 35584 | Swamp:3  | Killed Louise
 36210 | Swamp:3  | Got a distressingly furry ring mail
 36248 | Swamp:3  | Identified the +4 ring mail of Integrity {rC+ Dex+3} (You
                  | found it on level 3 of the Swamp)
 36293 | Swamp:3  | Got a masterwork morningstar
 36294 | Swamp:3  | Identified the +8 morningstar "Zearol" {antimagic, *Corrode
                  | rC++ Str+2} (You found it on level 3 of the Swamp)
 36416 | Swamp:4  | Entered Level 4 of the Swamp
 36464 | Swamp:4  | Reached skill level 5 in Transmutations
 36565 | Swamp:4  | Noticed Bai Suzhen
 36582 | Swamp:4  | Killed Bai Suzhen
 37327 | Swamp:4  | Noticed the 27-headed Lernaean hydra
 37339 | Swamp:4  | Killed the 27-headed Lernaean hydra
 37341 | Swamp:4  | Reached XP level 21. HP: 117/157 MP: 33/39
 37438 | Swamp:4  | Got a decaying rune of Zot
 37887 | Vaults:1 | Entered Level 1 of the Vaults
 38028 | Vaults:1 | Found a magical portal.
 38129 | WizLab   | Entered The Chambers of the Cloud Mage
 39215 | WizLab   | Identified the Guide on Feathers
 39222 | WizLab   | Got a brightly glowing marble ring
 39340 | Vaults:1 | Identified the cursed ring "Vetorro" {MR++ EV-4} (You found
                  | it in a wizard's laboratory)
 39453 | Vaults:1 | Reached skill level 10 in Transmutations
 39592 | Vaults:1 | Noticed a Brimstone Fiend
 41030 | Vaults:2 | Reached XP level 22. HP: 163/163 MP: 26/40
 41721 | Vaults:2 | Found a staircase to the Crypt.
 43169 | Vaults:3 | Reached XP level 23. HP: 169/169 MP: 29/41
 43455 | Vaults:3 | Reached skill level 15 in Transmutations
 44441 | Vaults:4 | Found Etro's Distillery.
 44446 | Vaults:4 | Bought a potion of cancellation for 120 gold pieces
 44446 | Vaults:4 | Bought a potion of mutation for 120 gold pieces
 44446 | Vaults:4 | Bought a potion of heal wounds for 75 gold pieces
 44446 | Vaults:4 | Bought a potion of might for 60 gold pieces
 44446 | Vaults:4 | Bought a potion of cancellation for 120 gold pieces
 44446 | Vaults:4 | Bought a potion of curing for 45 gold pieces
 44446 | Vaults:4 | Bought a potion of curing for 45 gold pieces
 44446 | Vaults:4 | Bought a potion of cancellation for 120 gold pieces
 44446 | Vaults:4 | Bought a potion of heal wounds for 75 gold pieces
 44446 | Vaults:4 | Bought a potion of curing for 45 gold pieces
 45187 | Elf:1    | Entered Level 1 of the Elven Halls
 45307 | Elf:1    | Reached skill level 1 in Evocations
 45521 | Elf:1    | Reached XP level 24. HP: 177/177 MP: 26/41
 46049 | Elf:1    | Reached skill level 5 in Evocations
 46900 | Elf:2    | Found Neikota's General Store.
 46917 | Elf:2    | Bought a scroll of identify for 32 gold pieces
 46993 | Elf:2    | Found a runed translucent gate.
 46993 | Elf:2    | Found a runed translucent gate.
 46993 | Elf:2    | Found a runed translucent gate.
 47127 | Elf:2    | Reached skill level 19 in Earth Magic
 47620 | Elf:3    | Entered Level 3 of the Elven Halls
 48076 | Elf:3    | Reached XP level 25. HP: 87/182 MP: 0/41
 48165 | Elf:3    | Identified the ring of Kelomeri {rPois rC- rN++ MP+9}
 48178 | Elf:3    | Reached skill level 20 in Earth Magic
 48319 | Elf:3    | Reached skill level 10 in Evocations
 48439 | Elf:3    | Identified the Compendium of Summoning
 48472 | Elf:3    | Found the +7 sceptre of Torment {pain, torment}
 48568 | Elf:3    | Identified the Tome of the Compass
 48658 | Elf:3    | Got an encrusted ring mail
 48669 | Elf:3    | Identified the +1 ring mail of Cheibriados's Regard {rElec
                  | Int+5} (You found it on level 3 of the Elven Halls)
 49182 | Elf:3    | Got a pair of bloodstained boots
 49194 | Elf:3    | Identified the +1 pair of boots of the Zebra {rF- rN++
                  | Str+3} (You found it on level 3 of the Elven Halls)
 50075 | Swamp:2  | Got a serpentine wooden ring
 50130 | Swamp:2  | Identified the ring of Hinyc {+Fly Stlth+} (You found it on
                  | level 2 of the Swamp)
 50137 | Swamp:2  | Got a dazzling cloak
 50151 | Swamp:2  | Identified the +2 cloak of Zidghaag {Dex+4} (You found it
                  | on level 2 of the Swamp)
 50556 | Crypt:1  | Entered Level 1 of the Crypt
 51605 | Crypt:2  | Got a transparent trident
 51609 | Crypt:2  | Identified the cursed +1 trident "Kenusem" {antimagic, rC++
                  | MR- Int+3} (You found it on level 2 of the Crypt)
 51823 | Crypt:2  | Reached skill level 21 in Earth Magic
 53284 | Crypt:3  | Entered Level 3 of the Crypt
 53304 | Crypt:3  | Noticed Saint Roka
 53308 | Crypt:3  | Killed Saint Roka
 53479 | Crypt:3  | Noticed Mennas
 53506 | Crypt:3  | Killed Mennas
 53827 | Crypt:3  | Reached XP level 26. HP: 189/189 MP: 34/41
 53874 | Crypt:3  | Reached skill level 22 in Earth Magic
 54439 | Crypt:3  | Found an ancient bone altar of Kikubaaqudgha.
 54530 | Crypt:3  | Identified Worgh's Incunabulum of Dark Secrets
 54641 | Crypt:3  | Noticed an ancient lich
 54641 | Crypt:3  | Identified the +5 war axe of Checks and Balances {vorpal,
                  | Dex+3}
 54646 | Crypt:3  | Killed an ancient lich
 54743 | Crypt:3  | Reached skill level 23 in Earth Magic
 54781 | Crypt:3  | Got a pitted spear
 55066 | Crypt:3  | Found a staircase to the Tomb.
 55681 | Crypt:3  | Identified the +6 spear "Hyan" {elec, rN+ Dex+6 Stlth+}
                  | (You found it on level 3 of the Crypt)
 55715 | Tomb:1   | Entered Level 1 of the Tomb of the Ancients
 55764 | Tomb:1   | Noticed Frederick
 55773 | Tomb:1   | Killed Frederick
 56013 | Tomb:1   | Mangled by a bennu

Illustrated notes

Levels and vault maps discovered:
D:1:      dpeg_arrival_chambers_temple_mockup, layout_basic, hex_large
D:2:      layout_basic, lemuel_crystal_altar, first_ration, st_stairs_9,
          cheibriados_altar_1
D:3:      layout_basic, old_standard_altar, minmay_vboxes
D:4:      layout_gridville, gammafunk_ghost_smash, uniq_eustachio, uniq_menkaure
D:5:      layout_loops_cross, nicolae_overflow_crystal_walls,
          hangedman_feature_mirror
D:6:      layout_basic, serial_corexii_hall, corexii_hall_statues_i,
          corexii_hall_statues_s, serial_shops, nicolae_shop_crystal, shop,
          nicolae_shop_behind_doors, shop, shop, evilmike_ruin_ashenzari
D:7:      layout_loops_ring, lemuel_temple_firewalk_a, the_bakery,
          uniq_crazy_yiuf_cottage
D:8:      layout_loops_ring, lemuel_doored_altar, basic_altar,
          yredelemnul_altar_generic
D:9:      layout_basic, nemelex_xobeh_ov_fountains_minmay, hangedman_ru_absence,
          marbit_many_paths, tso_oasis_becter
D:10:     layout_rooms, david_lair_shrubbed,
          kennysheep_orc_monster_closet_entryway, enter_trove_1,
          chequers_serial_rivers_micro_e, nicolae_qazlal_style_of_elements,
          uniq_sonja
D:11:     layout_loops_ring
D:12:     layout_cave_pools, serial_shops, nicolae_shop_trees
D:13:     layout_basic, uniq_azrael, uniq_josephine
D:14:     layout_stronghold, lightli_vaults_fourway_checkpoint,
          minmay_crystal_room
D:15:     gammafunk_depths_entry_grave, layout_rooms, serial_shops, shop,
          minivault_27, lightli_minifort
Temple:   zaba_magenta_temple
Lair:1:   layout_small_grid, ldierk_geyser, lemuel_fruit_fields
Lair:2:   layout_layer_cave, minmay_snake_entry_guardpost_small
Lair:3:   layout_cave_pods, swamp_mist, lemuel_fruit_fields, grunt_megastairs_3,
          serial_bayou_shore_b, serial_bayou_shore_b
Lair:4:   layout_big_grid, lemuel_fruit_tree
Lair:5:   dpeg_oklob_gauntlet, layout_regular_city, ebering_ghost_funeral_grove,
          serial_bayou_lagoon_a
Lair:6:   cheibrodos_lair_end_hotspot, layout_regular_city,
          nicolae_slime_entry_slimehenge
Swamp:1:  layout_falls_marsh, evilmike_swamp_ruin_house_1
Swamp:2:  gammafunk_worm_tunnel, layout_basic_swamp,
          evilmike_swamp_ruin_house_5, swamp_pool2, infiniplex_staircase_pool_2
Swamp:3:  nicolae_swamp_phyte_club, layout_basic_swamp,
          evilmike_swamp_ruin_house_3, swamp_pool5, worms_lemuel, uniq_louise
Swamp:4:  swamp_old_school, layout_basic_swamp, uniq_bai_suzhen
Snake:1:  layout_onion_interference, st_stairs_8, grunt_ministairs_8,
          grunt_megastairs_4, minmay_shop_grove, uniq_donald
Snake:2:  layout_misc_corridors, serial_bayou_shore_a, uniq_vashnia
Snake:3:  layout_chambers, gammafunk_ghost_split, guppyfry_library_mini
Snake:4:  johnstein_snake_rune_scales, layout_rooms,
          hangedman_snake_corridor_split
Orc:1:    giant_chief_lemuel, layout_caves, bloody_makhleb, uniq_erica
Orc:2:    st_orc_elflike, layout_diamond_mine, serial_shops, bzr_entry_lakeside,
          nicolae_volcano_entry_vermiform
Elf:1:    eino_elf_arrival_sip, layout_gridlike, special_room
          [special_room_mythical_zoo], hangedman_elf_represent, hex_tiny,
          corner_web_ring
Elf:2:    layout_geoelf_diagonals, serial_shops, nicolae_shop_statue_plus
Elf:3:    minmay_elf_hall_not_hex, layout_loops_ring
Vaults:1: v_misc_4, vaults_room_fours, v_alt_pattern_2, ontoclasm_vaults_fault,
          v_misc_13, v_misc_5, serial_ice_h,
          nicolae_vaults_windows_and_doors_thing, layout_vaults_omnigrid,
          infiniplex_enter_wizlab_glasses
Vaults:2: v_pattern_3, vaults_room_pool, ontoclasm_vaults_ring_square,
          minmay_crypt_entry_simple_walls, dpeg_vaults_monster_box,
          nicolae_vaults_triangles, st_cells, nicolae_vaults_network_barrier,
          v_misc_10, vaults_room_pool, ontoclasm_vaults_shuriken,
          hangedman_vaults_trim, ontoclasm_vaults_pinch, layout_vaults_ring
Vaults:3: v_misc_19, st_smaller_cells, v_misc_12, v_misc_8, v_misc_22,
          grunt_vaults_focal, hangedman_vaults_slice, v_pattern_2,
          vaults_room_grid, nicolae_vaults_back_hallway, vaults_dpeg_spiral,
          vaults_dpeg_diagonal, hangedman_vaults_slice, vaults_room_pools,
          layout_vaults_omnibox
Vaults:4: nicolae_vaults_network_star, v_rooms_4, hangedman_vaults_slither,
          v_misc_30, st_cells, nicolae_vaults_mini_display_case,
          nicolae_vaults_stairing_the_circle, vaults_dpeg_cross,
          layout_vaults_maze, serial_shops, shop
Crypt:1:  layout_gridlike
Crypt:2:  layout_gridlike, weyrava_ghost_lake
Crypt:3:  evilmike_haunted_forest, uniq_mennas, uniq_saint_roka
Tomb:1:   uniq_frederick

Skill      XL: |  1  2  3  4  5  6  7  8  9 10 11 12 13 14 15 16 17 18 19 20 21 22 23 24 25 26 |
---------------+-------------------------------------------------------------------------------+-----
Conjurations   | 1 2 3 4 5 6 |  6.0
Fire Magic     | 2 4 5 |  5.0
Air Magic      | 1 3 5 |  5.0
Armour         | 1 4 5 7 8 10 | 10.0
Dodging        | 2 4 6 7 8 |  8.0
Fighting       | 1 4 5 7 8 10 | 10.0
Spellcasting   | 5 6 7 10 14 | 14.0
Necromancy     | 2 5 8 9 11 12 14 16 17 19 | 19.0
Shields        | 3 6 13 15 | 15.0
Earth Magic    | 4 9 12 17 18 19 21 23 | 23.9
Bows           | 3 |  3.0
Crossbows      | 3 |  3.0
Charms         | 6 |  6.0
Transmutations | 7 11 14 18 19 | 19.0
Evocations     | 2 8 12 | 12.0
Stealth        | |  2.4
Summonings     | |  1.0
Translocations | |  0.8

Action                   |  1- 3 |  4- 6 |  7- 9 | 10-12 | 13-15 | 16-18 | 19-21 | 22-24 | 25-27 || total
-------------------------+-------+-------+-------+-------+-------+-------+-------+-------+-------++-------
Melee: Dagger            |     2 |    51 |   162 |       |       |       |       |       |       ||   215
       Whip              |       |    13 |    14 |       |       |       |       |       |       ||    27
       Flail             |       |       |    27 |   353 |       |       |       |       |       ||   380
       Spear             |       |       |       |    24 |       |       |       |       |       ||    24
       Staff             |       |       |       |    10 |       |       |       |     2 |    13 ||    25
       Scimitar          |       |       |       |    25 |     6 |       |       |       |       ||    31
       Dire flail        |       |       |       |       |   584 |       |       |       |       ||   584
       Pair of quick bla |       |       |       |       |   197 |   433 |   305 |       |       ||   935
       Maul              |       |       |       |       |       |       |       |       |     8 ||     8
 Fire: Hunting sling     |       |       |     4 |     1 |     4 |       |       |       |       ||     9
       Hand crossbow     |       |       |       |       |    34 |       |   524 |   473 |   322 ||  1353
       Shortbow          |       |       |       |       |    27 |   307 |   191 |   277 |    50 ||   852
Throw: Stone             |       |     2 |       |       |       |       |       |       |       ||     2
       Dart              |       |     6 |    18 |    14 |       |       |       |       |       ||    38
       Boomerang         |       |       |    41 |       |       |       |       |       |       ||    41
 Cast: Magic Dart        |    78 |   134 |   104 |    19 |    38 |       |       |       |       ||   373
       Mephitic Cloud    |       |     4 |    41 |    61 |    85 |    10 |     9 |     4 |       ||   214
       Conjure Flame     |       |     3 |    18 |    25 |    49 |    13 |    14 |       |       ||   122
       Dispel Undead     |       |       |       |    11 |     7 |    16 |    11 |     9 |    88 ||   142
       Borgnjor's Vile C |       |       |       |    45 |    97 |   227 |   369 |   365 |   192 ||  1295
       Sublimation of Bl |       |       |       |    16 |     8 |    57 |    74 |    48 |       ||   203
       Vampiric Draining |       |       |       |     3 |    10 |     4 |       |       |       ||    17
       Necromutation     |       |       |       |       |       |       |    13 |    25 |    49 ||    87
       Bolt of Magma     |       |       |       |       |       |       |       |     1 |     2 ||     3
       Shatter           |       |       |       |       |       |       |       |       |    37 ||    37
Invok: Receive Necronomi |       |       |       |       |     1 |       |       |       |       ||     1
       Renounce Religion |       |       |       |       |     1 |       |       |       |       ||     1
       Potion Petition   |       |       |       |       |     1 |       |       |       |     1 ||     2
 Abil: Dig               |       |     9 |     7 |    30 |    27 |     9 |     3 |    12 |     6 ||   103
       End Transformatio |       |       |       |       |       |       |       |     2 |     3 ||     5
Evoke: Wand              |       |     2 |       |     1 |       |       |       |       |       ||     3
       Staff of energy   |       |       |       |       |       |       |    33 |   133 |   287 ||   453
  Use: Scroll            |       |     4 |     5 |    10 |    10 |     9 |     8 |       |     4 ||    50
       Potion            |       |       |       |     4 |     6 |     3 |     2 |       |     2 ||    17
 Stab: Confused          |       |     1 |    20 |    19 |    51 |     5 |     3 |       |       ||    99
       Paralysed         |       |     1 |       |     3 |       |       |       |       |       ||     4
       Sleeping          |       |       |     2 |     4 |     1 |     2 |       |       |       ||     9
       Distracted        |       |       |     1 |       |     4 |     2 |     2 |       |       ||     9
  Eat: Chunk             |     2 |     9 |    15 |    34 |     1 |       |       |       |       ||    61
       Ration            |       |       |       |       |    18 |     7 |     8 |     5 |     4 ||    42
Armor: Robe              |     5 |    43 |    51 |       |       |       |       |       |       ||    99
       Leather armour    |       |       |       |    39 |       |       |       |       |       ||    39
       Troll leather arm |       |       |       |    68 |   156 |    93 |   135 |    70 |   184 ||   706
Dodge: Dodged            |     9 |   100 |   148 |   317 |   511 |   257 |   246 |   186 |   264 ||  2038
Block: Buckler           |       |       |       |   117 |   118 |       |       |       |       ||   235
       Tower shield      |       |       |       |       |   552 |   618 |   526 |   371 |   474 ||  2541
       Rpst.: Scimitar   |       |       |       |     4 |     3 |       |       |       |       ||     7
